 Dungeon Crawl Stone Soup version 0.29.1-15-g9cfb28693d (webtiles) character file.

Game seed: 15376578975907128121

11694 Peloso the Carver (level 11, -1/99 HPs)
             Began as a Minotaur Fighter on Apr 23, 2023.
             Was an Elder of Okawaru.
             Shot with an arrow by a centaur warrior (15 damage)
             ... on level 11 of the Dungeon.
             The game lasted 00:20:43 (9785 turns).

Peloso the Carver (Minotaur Fighter)                Turns: 9785, Time: 00:20:45

Health: -1/99      AC: 19    Str: 24    XL:     11   Next: 52%
Magic:  10/10      EV:  5    Int:  9    God:    Okawaru [****..]
Gold:   594        SH: 15    Dex: 11    Spells: 10/10 levels left

rFire   . . .      SeeInvis .   a - +6 falchion of Woguf {spect, Int+4}
rCold   . . .      Faith    .   d - +0 tower shield
rNeg    . . .      Spirit   .   y - +0 plate armour
rPois   .          Reflect  .   (helmet restricted)
rElec   .          Harm     .   o - +0 cloak
rCorr   .          Rampage  .   c - +1 pair of gloves
Will    .....                   (no boots)
Stlth   ..........              B - amulet of regeneration
HPRegen 1.06/turn               (no ring)
MPRegen 0.12/turn               (no ring)

@: lethally poisoned (-1 -> -4), hasted, studying Maces & Flails, very quick
A: horns 2, retaliatory headbutt
a: Renounce Religion, Heroism, Finesse


You were on level 11 of the Dungeon.
You worshipped Okawaru.
Okawaru was greatly pleased with you.
You visited 2 branches of the dungeon, and saw 12 of its levels.
You also visited: Sewer.

You collected 1036 gold pieces.
You spent 442 gold pieces at shops.

Inventory:

Hand Weapons
 a - the +6 falchion of Woguf (weapon) {spect, Int+4}
   (You bought it in a shop on level 3 of the Dungeon)

   When its wielder attacks, the weapon's spirit leaps out and strikes again.
   The spirit shares a part of any damage it takes with its wielder.
   Int:       It affects your intelligence (+4).
 b - the +1 scimitar of the Ancient Wishes {holy, rN+ Str+3}
   (You bought it in a shop on level 3 of the Dungeon)

   It has been blessed by the Shining One to cause great damage to the undead
   and demons.
   Str:       It affects your strength (+3).
   rN:        It protects you from negative energy.
Armour
 c - a +1 pair of gloves (worn)
 d - a +0 tower shield (worn)
 o - a +0 cloak (worn)
 y - a +0 plate armour (worn)
Jewellery
 A - a ring of positive energy
 B - an amulet of regeneration (around neck)
 C - an amulet of reflection
 D - the amulet "Heist" {Reflect rPois rN+ SH+5}
   (You found it on level 7 of the Dungeon)

   [amulet of reflection]

   It reflects blocked missile attacks.
   rPois:     It protects you from poison.
   rN:        It protects you from negative energy.
   SH:        It affects your SH (+5).
 L - a ring of protection from fire
Wands
 i - a wand of polymorph (6)
 z - a wand of digging (12)
 K - a wand of acid (5)
Scrolls
 e - 2 scrolls of noise {unknown}
 g - a scroll of enchant weapon {unknown}
 h - 5 scrolls of vulnerability {unknown}
 k - 10 scrolls of teleportation {unknown}
 n - 5 scrolls of amnesia {unknown}
 p - a scroll of brand weapon {unknown}
 q - 3 scrolls of immolation {unknown}
 r - 3 scrolls of magic mapping {unknown}
 s - a scroll of silence {unknown}
 t - 2 scrolls of enchant armour {unknown}
 w - 2 scrolls of blinking {unknown}
 x - a scroll of acquirement {unknown}
 E - 2 scrolls of summoning
 H - a scroll of fog {unknown}
 I - a scroll of identify
 J - a scroll of fear {unknown}
Potions
 f - a potion of ambrosia
 l - 4 potions of mutation
 m - a potion of might
 u - 2 potions of resistance
 v - a potion of magic
 F - 4 potions of curing
 G - a potion of cancellation {unknown}


   Skills:
 + Level 9.7 Fighting
 + Level 13.2 Long Blades
 + Level 11.4 Armour
 + Level 3.2 Dodging
 + Level 2.1 Stealth
 + Level 10.3 Shields
 + Level 0.3 Evocations


You had 10 spell levels left.
You didn't know any spells.
Your spell library contained the following spells:

 Spells                   Type           Power      Damage    Failure   Level
 Magic Dart               Conj           0%         1d3       100%        1
 Conjure Flame            Conj/Fire      0%         6-21      100%        3
 Dazzling Flash           Conj/Hex       0%         N/A       100%        3
 Gell's Gravitas          Tloc           0%         N/A       100%        3
 Ignite Poison            Fire/Tmut/Pois 0%         N/A       100%        3
 Mephitic Cloud           Conj/Pois/Air  0%         N/A       100%        3
 Ozocubu's Armour         Ice            0%         N/A       100%        3
 Teleport Other           Tloc           0%         N/A       100%        3
 Sticky Flame             Conj/Fire      0%         2d3       100%        4
 Iskenderun's Battlesphe  Conj           0%         2d6       100%        5
 Dispersal                Tloc           0%         N/A       100%        6
 Polar Vortex             Ice            0%         N/A       100%        9
 Call Imp                 Summ           Unusable   N/A       N/A         2

Dungeon Overview and Level Annotations

Branches:
Dungeon (11/15)            Temple (1/1) D:6            Lair (0/5) D:10
    Orc (0/2) D:10          Sewer (visited)

Altars:
Ashenzari
Cheibriados
Dithmenos
Elyvilon
Fedhas
Gozag
Hepliaklqana
Kikubaaqudgha
Makhleb
Nemelex Xobeh
Okawaru
Qazlal
Ru
Trog
Uskayaw
Vehumet
Wu Jian
Xom
Yredelemnul
Zin
The Shining One

Shops:
D:3 ![([(   D:9 [   D:10 !

Annotations:
D:5 Blork the orc
D:9 1 runed translucent door, rlgrobin's ghost, novice DrTm


Innate Abilities, Weirdness & Mutations

You have a pair of horns on your head.
You reflexively headbutt those who attack you in melee.


Message History

You hit the centaur warrior.
The centaur warrior is severely wounded.
Your +6 falchion of Woguf {spect, Int+4} hits the centaur warrior!
The centaur warrior wields a +0 shortbow.
The centaur warrior shoots an arrow.
The arrow hits your +6 falchion of Woguf {spect, Int+4}!!
Your spectral weapon shares its damage with you!
The kobold demonologist hits you but does no damage.
A cyclops comes into view.
You hear a shout!
You strike the helpless centaur warrior from behind!
You hit the centaur warrior.
The centaur warrior is almost dead.
You hear a horrible gurgling sound!
The centaur warrior unwields a +0 shortbow.
The centaur warrior hits you! You block the centaur warrior's attack.
The two-headed ogre hits you with a +0 giant club!! x2
* * * LOW HITPOINT WARNING * * *
The kobold demonologist hits you but does no damage.
You are poisoned.
An orc knight comes into view. It is wielding a +0 long sword.
Unknown command.
Okay, then.
You feel very sick.
You block the kobold demonologist's attack.
A centaur warrior simulacrum comes into view.
You feel yourself speed up.
You feel sick. You block the centaur warrior's attack.
The centaur warrior barely misses you.
The centaur warrior hits you but does no damage.
The centaur warrior kicks you but does no damage.
The kobold demonologist hits you but does no damage.
You are more poisoned.
You feel sick.
The centaur warrior attacks as you move away!
You block the centaur warrior's attack.
The centaur warrior kicks you but does no damage.
You feel sick.
The centaur warrior wields a +0 shortbow.
The centaur warrior shoots an arrow.
The arrow hits you!
You die...

#...
#.##......#######.#
#....##)...####.
#.### #........###
#. #...#
#.........#####.
###.##
#....###........
#... #....
##)#####.. ####
#######..c.##
#......oO..##.####
##.
#.....Z.K.@.......
....
#..###'####+####'#
# .. #. # . #. ..
.. +.# #. #.. ..
#.. #.. #.<


You could see an orc knight, a centaur warrior, a two-headed ogre, a kobold
demonologist and a centaur warrior simulacrum.

Vanquished Creatures
  A boulder beetle (D:9)
  4 two-headed ogres
  Lodul (D:11)
  A hornet (D:10)
  Sigmund (D:2)
  A shadow (D:9)
  10 yaks
  A wyvern (shapeshifter) (D:10)
  A wyvern (D:8)
  2 wraiths
  3 steam dragons
  2 wargs (D:10)
  3 vampire mosquitoes (D:11)
  A water moccasin (D:6)
  An acid dragon (D:8)
  2 orc warriors (D:10)
  Pargi (Sewer)
  2 ice beasts (D:5)
  A sky beast (D:7)
  10 ogres
  3 centaurs (D:9)
  A phantom (D:5)
  2 kobold brigands (D:8)
  5 bullfrogs
  A necrophage (D:7)
  5 scorpions
  8 wights
  9 killer bees
  5 howler monkeys
  5 orc priests
  5 hounds
  4 jellies
  Jessica (D:2)
  5 iguanas
  8 orc wizards
  5 adders
  2 shadow imps
  4 white imps
  2 ufetubi
  2 worms
  3 dart slugs
  26 orcs
  10 ball pythons
  3 endoplasms
  3 giant cockroaches
  10 hobgoblins
  3 jackals (D:4)
  3 quokkas
  11 bats
  6 frilled lizards
  4 goblins
  19 kobolds
  7 rats
239 creatures vanquished.

Vanquished Creatures (others)
  3 plants (D:1)
3 creatures vanquished.

Grand Total: 242 creatures vanquished

Notes
Turn   | Place    | Note
-------+----------+-------------------------------------------
     0 | D:1      | Peloso the Minotaur Fighter began the quest for the Orb.
     0 | D:1      | Reached XP level 1. HP: 19/19 MP: 0/0
   143 | D:1      | Reached XP level 2. HP: 27/27 MP: 1/1
   858 | D:2      | Reached skill level 3 in Long Blades
   950 | D:2      | Noticed Jessica
   956 | D:2      | Killed Jessica
   957 | D:2      | Reached XP level 3. HP: 32/33 MP: 2/2
  1009 | D:2      | Noticed Sigmund
  1247 | D:2      | Killed Sigmund
  1248 | D:2      | Reached skill level 4 in Long Blades
  1248 | D:2      | Reached skill level 1 in Dodging
  1248 | D:2      | Reached XP level 4. HP: 8/41 MP: 3/3
  1248 | D:2      | Reached XP level 5. HP: 9/47 MP: 4/4
  1616 | D:2      | Reached skill level 5 in Long Blades
  1954 | D:3      | Found Koikhyrph's Antique Armour Shoppe.
  2169 | D:3      | Found Hydairyh's Distillery.
  2178 | D:3      | Reached skill level 5 in Armour
  2433 | D:3      | Found Sicsaorgh's Antique Armour Emporium.
  2486 | D:3      | Found Myluexa's Weapon Boutique.
  2567 | D:3      | Found Nonom's Antique Weapon Emporium.
  2577 | D:3      | Bought an ichor-stained falchion for 208 gold pieces
  2577 | D:3      | Identified the +6 falchion of Woguf {spect, Int+4} (You
                  | bought it in a shop on level 3 of the Dungeon)
  2802 | D:3      | Reached XP level 6. HP: 52/53 MP: 5/5
  3015 | D:4      | Reached skill level 6 in Long Blades
  3018 | D:4      | Found a glowing drain.
  3028 | Sewer    | Entered a sewer
  3077 | Sewer    | Noticed Pargi
  3082 | Sewer    | Killed Pargi
  3083 | Sewer    | Reached XP level 7. HP: 58/60 MP: 6/6
  3189 | D:4      | Reached skill level 5 in Fighting
  3249 | D:4      | Identified the +0 robe of Peek-a-Boo {rF+ Will- Archmagi}
  3497 | D:5      | Entered Level 5 of the Dungeon
  3505 | D:5      | Noticed Blork the orc
  3550 | D:5      | Reached skill level 7 in Long Blades
  3732 | D:5      | Reached XP level 8. HP: 65/69 MP: 7/7
  3734 | D:5      | Reached skill level 8 in Long Blades
  4134 | D:5      | Found a white marble altar of Elyvilon.
  4140 | D:5      | Reached skill level 9 in Long Blades
  4385 | D:6      | Reached skill level 5 in Shields
  4596 | D:6      | Reached skill level 10 in Long Blades
  4624 | D:6      | Reached XP level 9. HP: 64/78 MP: 8/8
  4806 | D:6      | You fall into a shaft and drop 3 floors!
  4843 | D:9      | Noticed a boulder beetle
  4871 | D:9      | Killed a boulder beetle
  5148 | D:9      | Reached skill level 11 in Long Blades
  5558 | D:8      | Reached XP level 10. HP: 53/88 MP: 9/9
  5939 | D:6      | Found a staircase to the Ecumenical Temple.
  6024 | Temple   | Entered the Ecumenical Temple
  6044 | Temple   | Became a worshipper of Warmaster Okawaru
  6158 | D:3      | Bought a fine scimitar for 234 gold pieces
  6158 | D:3      | Identified the +1 scimitar of the Ancient Wishes {holy, rN+
                  | Str+3} (You bought it in a shop on level 3 of the Dungeon)
  6250 | D:7      | Reached skill level 12 in Long Blades
  6299 | D:7      | Found a shadowy altar of Dithmenos.
  6354 | D:7      | Reached skill level 1 in Stealth
  6402 | D:7      | Identified the amulet "Heist" {Reflect rPois rN+ SH+5}
  6628 | D:7      | Found a glowing silver altar of Zin.
  7232 | D:9      | Found Zarif's Superior Scales.
  7237 | D:9      | Reached * piety under Okawaru
  7306 | D:9      | Noticed a +0 dagger
  7307 | D:9      | Noticed a +0 short sword
  7308 | D:9      | Noticed a +0 falchion
  7309 | D:9      | Noticed a +0 dagger
  7309 | D:9      | Noticed a +0 falchion
  7309 | D:9      | Noticed a +0 short sword
  7314 | D:9      | Noticed a +0 spear
  7325 | D:9      | Noticed a +0 spear
  7326 | D:9      | Noticed a two-headed ogre
  7333 | D:9      | Killed a two-headed ogre
  7334 | D:9      | Reached skill level 10 in Armour
  7462 | D:9      | Noticed rlgrobin's ghost (novice DrTm)
  7483 | D:9      | Found a runed translucent door.
  7580 | D:9      | Reached ** piety under Okawaru
  7765 | D:9      | Found a hide-covered altar of Uskayaw.
  7882 | D:9      | Found a sparkling altar of Nemelex Xobeh.
  8122 | D:10     | Entered Level 10 of the Dungeon
  8122 | D:10     | Found Beudarre's Distillery.
  8129 | D:10     | Noticed a two-headed ogre
  8137 | D:10     | Killed a two-headed ogre
  8272 | D:10     | Noticed a two-headed ogre
  8276 | D:10     | Killed a two-headed ogre
  8320 | D:10     | Reached *** piety under Okawaru
  8341 | D:10     | Reached XP level 11. HP: 75/97 MP: 10/10
  8492 | D:10     | Found a staircase to the Lair.
  8616 | D:10     | Reached skill level 13 in Long Blades
  8719 | D:10     | Found a staircase to the Orcish Mines.
  8955 | D:10     | Noticed a two-headed ogre
  8961 | D:10     | Killed a two-headed ogre
  8961 | D:10     | Reached **** piety under Okawaru
  8962 | D:10     | Reached skill level 10 in Shields
  9535 | D:11     | Noticed Lodul
  9548 | D:11     | Killed Lodul
  9604 | D:11     | Got the Anthology of the Combative Chill
  9772 | D:11     | Noticed a centaur warrior
  9778 | D:11     | Noticed a two-headed ogre
  9781 | D:11     | Noticed an orc knight
  9785 | D:11     | Shot with an arrow by a centaur warrior

Illustrated notes

Levels and vault maps discovered:
D:1:      erik_arrival_blinker_ship, layout_loops_ring, serial_bayou_pond_c
D:2:      layout_loops_ring, serial_rivers, chequers_serial_rivers_micro_e,
          chequers_serial_rivers_small_a, chequers_serial_rivers_micro_a,
          chequers_serial_rivers_micro_d, chequers_serial_rivers_large_b,
          chequers_serial_rivers_micro_c, uniq_jessica, uniq_sigmund
D:3:      layout_basic, serial_shops, shop, nicolae_shop_advertising_works
          [nicolae_subvault_shop_adworks], nicolae_shop_trees, shop,
          nicolae_shop_hallway_plus
D:4:      layout_rooms, cheibrodos_sewer_entry_sluice
D:5:      layout_basic, tgw_sif, mainiacjoe_overflow_six_doors_small,
          minmay_manual_mess
D:6:      layout_loops_ring, minmay_temple_entry_wispy
D:7:      layout_rooms, zin_scriptorium, grunt_dithmenos_smoke, minivault_1,
          kennysheep_generic_room_11
D:8:      layout_rooms, serial_aquarium, aquarium_bridge_long_joined
          [aquarium_subvault_window, aquarium_subvault_wall,
          aquarium_subvault_wall, aquarium_subvault_bridge,
          aquarium_subvault_wall, aquarium_subvault_wall],
          aquarium_bridge_square [aquarium_subvault_balcony,
          aquarium_subvault_wall, aquarium_subvault_window,
          aquarium_subvault_bridge], aquarium_window_fake, aquarium_window_fake,
          aquarium_window_3, aquarium_view_2e, aquarium_view_2e, aquarium_pool_S
D:9:      layout_grid_maze, nicolae_uskayaw_en_pointe,
          nicolae_overflow_hidden_temple, hellmonk_ghost_happy_afterlife,
          grunt_ministairs_6, small_chamber_with_monster, hellmonk_scale_shop
D:10:     layout_small_grid, erik_lair_orcish_takeover, orc_0_dummy,
          serial_shops, nicolae_stop_n_shop_2
D:11:     minmay_the_grid_square_5x5_4x4_mashed
          [minmay_the_grid_square_5x5_pentomino_r,
          minmay_the_grid_square_5x5_trominoes,
          minmay_the_grid_square_5x5_hollow_slash,
          minmay_the_grid_square_5x5_n_small,
          minmay_the_grid_square_5x5_minivault,
          minmay_the_grid_square_5x5_prize_monsterx,
          minmay_the_grid_square_5x5_prize_open,
          minmay_the_grid_square_5x5_inner_i, minmay_the_grid_square_5x5_inset,
          minmay_the_grid_square_5x5_prize_itemx,
          minmay_the_grid_square_5x5_prize_snowflake,
          minmay_the_grid_square_5x5_tri_point,
          minmay_the_grid_square_5x5_misaligned,
          minmay_the_grid_square_5x5_six_small,
          minmay_the_grid_square_5x5_empty,
          minmay_the_grid_square_5x5_hourglass], layout_rooms, uniq_lodul
Temple:   lightli_temple_of_artemis

Skill      XL: |  1  2  3  4  5  6  7  8  9 10 11 |
---------------+----------------------------------+-----
Shields        | 4 5 6 8 10 | 10.3
Armour         | 4 5 6 7 9 10 11 | 11.4
Long Blades    | 3 4 5 6 7 10 11 12 13 | 13.2
Fighting       | 4 5 6 7 9 |  9.7
Dodging        | 1 2 3 |  3.2
Stealth        | 1 2 |  2.1
Evocations     | |  0.3

Action                   |  1- 3 |  4- 6 |  7- 9 | 10-12 || total
-------------------------+-------+-------+-------+-------++-------
Melee: Long sword        |    70 |    47 |       |       ||   117
       Headbutt          |     4 |     9 |    31 |    35 ||    79
       Falchion          |       |    36 |   169 |   205 ||   410
Invok: Heroism           |       |       |       |     1 ||     1
Evoke: Wand              |       |       |       |     1 ||     1
  Use: Potion            |     1 |     1 |     1 |     2 ||     5
       Scroll            |       |       |     7 |     2 ||     9
 Stab: Distracted        |       |       |     1 |     5 ||     6
Armor: Scale mail        |    42 |    53 |     4 |       ||    99
       Plate armour      |       |       |    69 |   118 ||   187
Dodge: Dodged            |    35 |    38 |    42 |    43 ||   158
Block: Buckler           |    15 |    17 |    23 |       ||    55
       Tower shield      |       |       |     4 |   189 ||   193
